 Dungeon Crawl Stone Soup version 0.21-a0-509-gecc5317 (webtiles) character file.

151 Dawnplanks the Digger (level 5, 0/30 HPs)
             Began as a Gargoyle Earth Elementalist on Nov 29, 2017.
             Slain by Grinder (4 damage)
             ... while paralysed by Grinder
             ... on level 3 of the Dungeon.
             The game lasted 00:09:37 (3198 turns).

Dawnplanks the Digger (Gargoyle Earth Elementalist) Turns: 3198, Time: 00:09:38

Health: 0/30       AC:  6    Str: 12    XL:     5   Next: 33%
Magic:  8/9        EV:  2    Int: 16    God:
Gold:   156        SH:  0    Dex: 10    Spells: 6/10 levels left

rFire    . . .     SeeInvis .   f - +0 whip
rCold    . . .     Gourm    .   (no shield)
rNeg     + . .     Faith    .   c - +0 robe
rPois    ∞         Spirit   .   (no helmet)
rElec    +         Reflect  .   (no cloak)
rCorr    .         Harm     +   (no gloves)
MR       .....                  (no boots)
Stlth    ++........             o - amulet of harm
HPRegen  0.10/turn              (no ring)
MPRegen  0.11/turn              (no ring)

@: paralysed
A: negative energy resistance 1, electricity resistance, unbreathing,
petrification resistance, rot immunity, AC +4
a: no special abilities


You were on level 3 of the Dungeon.
You were hungry.

You visited 1 branch of the dungeon, and saw 3 of its levels.

You collected 156 gold pieces.

Inventory:

Hand Weapons
 f - a +0 whip (weapon)
Missiles
 b - 29 stones
 i - 3 tomahawks (quivered)
Armour
 c - a +0 robe (worn)
Jewellery
 o - an amulet of harm (around neck)
 q - an uncursed ring of fire {unknown}
Scrolls
 a - 2 scrolls of identify {unknown}
 h - 3 scrolls of remove curse {unknown}
 j - 4 scrolls of teleportation {unknown}
 k - a scroll of enchant weapon {unknown}
 p - a scroll of fear {unknown}
 s - a scroll of amnesia {unknown}
Potions
 g - a potion of degeneration {unknown}
 l - a potion of heal wounds {unknown}
 m - a potion of might {unknown}
 n - 4 potions of curing {unknown}
 t - a potion of mutation {unknown}
Books
 e - a book of Geomancy

   Spells                             Type                      Level
   a - Sandblast                      Earth                        1
   b - Passwall                       Transmutation/Earth          2
   c - Stone Arrow                    Conjuration/Earth            3
   d - Petrify                        Transmutation/Earth          4
   e - Lee's Rapid Deconstruction     Earth                        5
Comestibles
 d - 3 bread rations


   Skills:
 * Level 1.7 Fighting
 + Level 1.0 Maces & Flails
 + Level 2.1 Dodging
 - Level 2.2 Stealth
 * Level 3.1 Spellcasting
 * Level 0.6 Conjurations
   Level 0.7 Transmutations
 * Level 5.0 Earth Magic


You had 6 spell levels left.
You knew the following spells:

 Your Spells              Type           Power        Failure   Level  Hunger
a - Sandblast             Erth           ###...       2%          1    #......
b - Stone Arrow           Conj/Erth      ##....       17%         3    ###....


Dungeon Overview and Level Annotations

Branches:
Dungeon (3/15)

Altars:
Uskayaw

Annotations:
D:3 Grinder


Innate Abilities, Weirdness & Mutations

You are resistant to torment.
Your stone body is resilient. (AC +4)
You are immune to poison.
You resist negative energy. (rN+)
You are resistant to electric shocks. (rElec)
You can survive without breathing.
You are immune to petrification.
You are immune to rotting.


Message History

Grinder gestures at you.
You suddenly lose the ability to move!
Grinder gestures at you.
You shrug off the repeated paralysis!
You can move again.
The bat barely misses you.
Casting: Sandblast
Confirm with . or Enter, or press ? or * to list all spells.
Aiming: Sandblast
Press: ? - help, Shift-Dir - straight line, f - bat, p - Grinder
Aim: a bat The blast of sand hits the bat.
You kill the bat!
b - 29 stones Grinder blinks!
Grinder blinks!
Grinder gestures at you.
You suddenly lose the ability to move!
Grinder hits you.
You die...

#. #.# #.##
##.# #..## #..#
#.####..# #.##
#.......## #.#
#........# #.#
#......#.# #.#
#...%...#5# #.#
...#.####@###.#
..... #..#..#
#.... ##...##
... #..## #..#
#()# #).# .?.#
#....


You could see Grinder.

Vanquished Creatures
  A hound (D:2)
  An orc wizard (D:3)
  2 adders (D:2)
  An ooze (D:2)
  A worm (D:2)
  3 dart slugs
  2 leopard geckos (D:1)
  4 orcs
  9 bats
  4 giant cockroaches
  5 goblins
  4 hobgoblins
  3 jackals (D:1)
  9 kobolds
  A ball python (D:1)
  3 frilled lizards
  3 rats
56 creatures vanquished.

Notes
Turn   | Place    | Note
-------+----------+-------------------------------------------
     0 | D:1      | Dawnplanks the Gargoyle Earth Elementalist began the quest for the Orb.
     0 | D:1      | Reached XP level 1. HP: 10/10 MP: 3/3
   627 | D:1      | Reached XP level 2. HP: 7/15 MP: 1/5
   628 | D:1      | Reached skill level 4 in Earth Magic
  1228 | D:1      | Reached XP level 3. HP: 19/20 MP: 6/6
  2060 | D:2      | Reached XP level 4. HP: 24/24 MP: 5/8
  2100 | D:2      | Reached skill level 1 in Fighting
  2417 | D:2      | Found a hide-covered altar of Uskayaw.
  2503 | D:2      | Learned a level 3 spell: Stone Arrow
  3005 | D:3      | Reached XP level 5. HP: 29/29 MP: 9/9
  3069 | D:3      | Reached skill level 1 in Maces & Flails
  3079 | D:3      | Reached skill level 5 in Earth Magic
  3153 | D:3      | Noticed Grinder
  3165 | D:3      | Paralysed by Grinder for 3 turns
  3186 | D:3      | Paralysed by Grinder for 3 turns
  3195 | D:3      | Paralysed by Grinder for 6 turns
  3198 | D:3      | Slain by Grinder

Vault maps used:
D:1:      dpeg_arrival_snail
D:2:      lemuel_doored_altar
D:3:      bloody_trog, nicolae_gozag_cash_rules_everything_around_me,
          uniq_grinder

Skill      XL: |  1  2  3  4  5 |
---------------+----------------+-----
Earth Magic    | 4 5 |  5.0
Dodging        | 2 |  2.1
Fighting       | 1 |  1.7
Maces & Flails | 1 |  1.0
Spellcasting   | 3 |  3.1
Stealth        | |  2.2
Conjurations   | |  0.6
Transmutations | |  0.7

Action                   |  1- 3 |  4- 6 || total
-------------------------+-------+-------++-------
Melee: Unarmed           |     6 |       ||     6
       Whip              |    76 |    24 ||   100
 Cast: Sandblast         |    35 |    27 ||    62
  Eat: Chunk             |     4 |     3 ||     7
Armor: Robe              |    54 |     4 ||    58
Dodge: Dodged            |    97 |    22 ||   119

Table legend:
 A = Spawn XP
 B = Non-spawn XP
 C = Spawn XP percentage of total XP
 D = Spawn monster count
 E = Non-spawn monster count
 F = Spawn count percentage of total count
 G = Total turns spent on level
                    A         B        C        D         E        F      G
               +---------+---------+-------+---------+---------+-------+---------
         Total |       0 |     216 |   0.0 |       0 |      56 |   0.0 |  3198
               +---------+---------+-------+---------+---------+-------+---------
           D:1 |       0 |      60 |   0.0 |       0 |      32 |   0.0 |  1924
           D:2 |       0 |     104 |   0.0 |       0 |      17 |   0.0 |  1076
           D:3 |       0 |      52 |   0.0 |       0 |       7 |   0.0 |   198
               +---------+---------+-------+---------+---------+-------+---------
